 Dungeon Crawl Stone Soup version 0.28.0-47-ge53b351184 (webtiles) character file.

Game seed: 6846043979823484935

2 Keeper01 the Digger (level 1, -2/10 HPs)
             Began as a Gargoyle Earth Elementalist on May 10, 2022.
             Slain by a jackal (3 damage)
             ... on level 1 of the Dungeon.
             The game lasted 00:01:56 (148 turns).

Keeper01 the Digger (Gargoyle Earth Elementalist)    Turns: 148, Time: 00:01:57

Health: -2/10      AC:  5    Str: 11    XL:     1   Next: 40%
Magic:  1/3        EV: 11    Int: 15    God:
Gold:   12         SH:  0    Dex: 10    Spells: 3/4 levels left

rFire   . . .      SeeInvis .   (no weapon)
rCold   . . .      Faith    .   (no shield)
rNeg    + . .      Spirit   .   d - +0 leather armour
rPois   ∞          Reflect  .   (no helmet)
rElec   +          Harm     .   (no cloak)
rCorr   .          Rampage  .   (no gloves)
Will    +....                   (no boots)
Stlth   ++........              (no amulet)
HPRegen 0.03/turn               a - ring of willpower
MPRegen 0.08/turn               (no ring)

@: no status effects
A: sickness immunity, AC +2, negative energy resistance 1, electricity
resistance, torment resistance 1, petrification resistance
a: no special abilities


You were on level 1 of the Dungeon.
You visited 1 branch of the dungeon, and saw 1 of its levels.

You collected 12 gold pieces.

Inventory:

Missiles
 c - 25 stones
Armour
 b - a +0 robe
 d - a +0 leather armour (worn)
Jewellery
 a - a ring of willpower (left hand)


   Skills:
 + Level 1.5 Dodging
 + Level 2.1 Stealth
 + Level 2.1 Spellcasting
 + Level 0.7 Transmutations
 + Level 3.7 Earth Magic


You had 3 spell levels left.
You knew the following spells:

 Your Spells              Type           Power      Damage    Failure   Level
a - Sandblast             Erth           24%        2d8       6%          1

Your spell library contained the following spells:

 Spells                   Type           Power      Damage    Failure   Level
 Passwall                 Tmut/Erth      6%         N/A       17%         2
 Stone Arrow              Conj/Erth      14%        3d7       38%         3
 Petrify                  Tmut/Erth      8%         N/A       75%         4


Dungeon Overview and Level Annotations

Branches:
Dungeon (1/15)

Altars:


Innate Abilities, Weirdness & Mutations

You are immune to sickness and miasma.
Your stone body is resilient. (AC +2)
You are immune to poison.
You resist negative energy. (rN+)
You are resistant to electric shocks. (rElec)
You are resistant to unholy torment.
You are immune to petrification.


Message History

The jackal bites you but does no damage.
You barely miss the jackal. The jackal closely misses you.
The jackal bites you but does no damage.
A kobold comes into view. It is wielding a +0 whip.
The jackal barely misses you.
You closely miss the jackal.
The kobold shouts!
The jackal barely misses you.
The jackal bites you but does no damage.
You hit the jackal but do no damage. The jackal misses you.
The jackal bites you. The jackal misses you.
You miss the jackal. The jackal closely misses you. The jackal misses you.
The jackal bites you.
You closely miss the jackal.
The jackal bites you but does no damage.
The jackal barely misses you. The jackal bites you.
You hit the jackal but do no damage. The jackal bites you.
* * * LOW HITPOINT WARNING * * *
The jackal closely misses you. The jackal completely misses you.
You barely miss the jackal. The jackal barely misses you.
The jackal closely misses you.
Aiming: Sandblast (safe; 6% risk of failure)
Press: ? - help, Q - select action, (/) - cycle Shift-Dir - straight line, f - jackal, p - jackal
Aim: a jackal (74% to hit)
The blast of sand hits the jackal.
You kill the jackal!
The jackal barely misses you.
You hit the jackal.
The jackal is moderately wounded.
The jackal misses you. The jackal barely misses you. x2
You closely miss the jackal.
The jackal is moderately wounded.
The jackal barely misses you. The jackal bites you.
* * * LOW HITPOINT WARNING * * *
The jackal bites you but does no damage.
Unknown command.
You barely miss the jackal.
The jackal is moderately wounded.
The jackal bites you.
You die...

.... .# ..# .#
..###.#####. ............
.###.#######
...#.##########
.#.#.##.......#
...#.##.......########...
####.#####'#####@hShg....
.....#####.#####h###K#.#.
#####............#
#...⌠.........#
####.....###.###.#
.....##..###'###.#
####.##..##...##.#
#.##..##...##.#
#.##..##.<.##.#


You could see 3 jackals, a goblin, a ball python and a kobold.

Vanquished Creatures
  A jackal (D:1)
  A bat (D:1)
  A kobold (D:1)
3 creatures vanquished.

Notes
Turn   | Place    | Note
-------+----------+-------------------------------------------
     0 | D:1      | Keeper01 the Gargoyle Earth Elementalist began the quest
                  | for the Orb.
     0 | D:1      | Reached XP level 1. HP: 10/10 MP: 3/3
   148 | D:1      | Slain by a jackal

Illustrated notes

Levels and vault maps discovered:
D:1:      dpeg_arrival_rooms_a, layout_basic

Action                   || total
-------------------------++-------
Melee: Unarmed           ||    13
 Cast: Sandblast         ||     5
Armor: Leather armour    ||     9
       Robe              ||     1
Dodge: Dodged            ||    20
